Panthers vs Penguins
(R1)
Created - January 14, 2024 at 00:00
Goals
|
Panthers |
0 |
1 |
1 |
2 |
Penguins |
0 |
1 |
0 |
1 |
|
Shots
|
Panthers |
9 |
21 |
3 |
33 |
Penguins |
11 |
8 |
10 |
29 |
|
1st period
No Goal
Penalties :
Keith Aulie (Pit) for Hooking (Minor) at 10:57, Mark Scheifele (Pit) for Goalie Interference (Minor) at 14:45
2nd period
1. Panthers , Victor Oreskovich 3 (Alex Iafallo 13, Alex Pietrangelo 24) at 13:21 (PP)
2. Penguins , Sebastian Aho 14 (Mark Scheifele 32, Oscar Klefbom 27) at 14:36
Penalties :
Blake Geoffrion (Flo) for Roughing (Minor) at 1:51, Jake Guentzel (Pit) for Slashing (Minor) at 13:04, Nick Leddy (Pit) for Tripping (Minor) at 17:30
3rd period
3. Panthers , Kris Versteeg 15 (Matt Duchene 33, Kirill Kaprizov 8) at 0:59 (PP)
Penalties :
Marcus Johansson (Pit) for Slashing (Double Minor) at 0:19, Miro Aaltonen (Flo) for Holding (Minor) at 4:27, Blake Geoffrion (Flo) for Delaying the game (Minor) at 9:53, Kirill Kaprizov (Flo) for Tripping (Minor) at 12:36, Tom Wilson (Pit) for Holding (Minor) at 17:06
Goalie Stats
Ville Husso (Flo), 28 saves from 29 shots - (0.966), W, 16-3-2, 60:00 minutes
Andrei Vasilevskiy (Pit), 31 saves from 33 shots - (0.939), L, 14-10-3, 59:25 minutes
Players Stats for Panthers
Player Name G A P +/- PIM S H SB GA TA FO MP PP MP PK MP
------------------------------------------------------------------------------------
Alex Goligoski 0 0 0 0 0 5 0 1 0 0 0/0 21:28 4:39 3:32
Alex Iafallo 0 1 1 -1 0 3 3 0 0 0 0/0 19:52 5:07 3:15
Alex Pietrangelo 0 1 1 -1 0 4 1 1 5 1 0/0 29:20 6:13 4:24
Alexander Semin 0 0 0 0 0 5 0 0 0 0 1/1 10:00 0:07 0:13
Blake Geoffrion 0 0 0 0 4 0 0 0 0 0 0/0 7:01 0:00 0:00
Elias Lindholm 0 0 0 0 0 2 1 0 0 0 5/8 11:54 0:04 1:44
Griffin Reinhart 0 0 0 0 0 3 0 1 0 1 0/0 19:44 6:13 0:00
Jerry D'Amigo 0 0 0 0 0 2 1 0 0 0 0/1 7:54 0:04 0:00
Kirill Kaprizov 0 1 1 0 2 0 1 0 0 0 0/0 18:52 5:38 0:00
Kris Versteeg 1 0 1 0 0 3 0 0 1 2 1/1 24:17 5:41 4:28
Matt Duchene 0 1 1 0 0 2 2 0 2 0 23/29 18:46 5:41 0:03
Miro Aaltonen 0 0 0 -1 2 3 1 0 0 0 3/8 17:50 5:07 1:54
Nikita Tryamkin 0 0 0 0 0 0 0 0 0 0 0/0 14:14 4:39 0:00
Niklas Hansson 0 0 0 -1 0 0 1 3 0 0 0/0 22:15 0:00 4:24
Petr Straka 0 0 0 0 0 0 0 0 0 0 0/0 8:12 0:00 0:00
Quinton Howden 0 0 0 0 0 0 2 1 0 0 2/7 11:42 0:00 4:15
Shea Weber 0 0 0 0 0 0 0 0 0 0 0/0 12:59 0:00 3:32
Victor Oreskovich 1 0 1 -1 0 1 1 1 0 0 2/2 15:40 5:07 0:00
Players Stats for Penguins
Player Name G A P +/- PIM S H SB GA TA FO MP PP MP PK MP
------------------------------------------------------------------------------------
Brandon Tanev 0 0 0 0 0 3 2 1 0 0 0/0 10:01 0:00 2:44
Danny DeKeiser 0 0 0 0 0 0 0 0 0 1 0/0 20:48 0:00 6:47
Derek Stepan 0 0 0 0 0 1 6 0 0 0 5/10 15:07 3:42 0:27
Dmitrij Jaskin 0 0 0 0 0 2 0 0 1 1 0/0 6:52 0:01 0:00
Evan Rodrigues 0 0 0 0 0 1 0 2 0 0 3/5 6:26 0:00 0:00
Jake Guentzel 0 0 0 0 2 3 1 2 1 0 1/1 18:53 3:57 1:50
Keith Aulie 0 0 0 0 2 2 0 1 0 0 0/0 21:11 3:01 3:17
Marcus Foligno 0 0 0 0 0 2 1 2 0 0 1/2 21:17 3:42 6:18
Marcus Johansson 0 0 0 1 4 1 2 0 1 0 0/0 17:18 3:32 0:00
Mark Scheifele 0 1 1 1 2 2 2 0 0 0 0/5 20:25 4:13 1:52
Max Reinhart 0 0 0 0 0 2 0 0 0 1 3/14 14:42 0:09 6:18
Neal Pionk 0 0 0 0 0 0 1 0 0 0 0/0 13:54 0:00 4:18
Nick Leddy 0 0 0 1 2 1 5 2 0 2 0/0 23:28 4:55 0:48
Oscar Klefbom 0 1 1 1 0 5 0 1 0 2 0/0 29:19 4:55 6:34
Pavel Buchnevich 0 0 0 0 0 1 0 0 0 0 0/0 8:23 0:27 0:00
Sebastian Aho 1 0 1 1 0 1 1 1 1 0 7/19 17:31 4:05 0:00
Tom Wilson 0 0 0 0 2 2 1 0 0 1 0/1 10:59 0:00 2:15
Tyson Barrie 0 0 0 0 0 0 1 1 0 0 0/0 12:28 3:01 0:00
3 Stars
1 - Ville Husso (Flo)
2 - Sebastian Aho (Pit)
3 - Andrei Vasilevskiy (Pit)
Power Play
Panthers - 2 on 7 Attempt(s) - 28.57%
Penguins - 0 on 4 Attempt(s) - 0.00%
Penalty Kill
Panthers - 4 on 4 Attempt(s) - 100.00%
- Score 0 goal in Penalty Kill
Penguins - 5 on 7 Attempt(s) - 71.43%
- Score 0 goal in Penalty Kill
Team Stat
Panthers - Hits : 14 - Faceoff Wins : 37 - Blocked Shots : 8 - Penalty Minutes : 8
Penguins - Hits : 23 - Faceoff Wins : 20 - Blocked Shots : 13 - Penalty Minutes : 14
Official
Referees : Kelly Sutherland and Conor O'Donnell
Linesman : Kyle Flemington and Mark Shewchyk
Game Notes
No Game Note
Finance
Level 1 -- Attendance: 6000 (100.00%) -- Ticket Income $600,000
Level 2 -- Attendance: 5000 (100.00%) -- Ticket Income $300,000
Level 3 -- Attendance: 2000 (100.00%) -- Ticket Income $70,000
Level 4 -- Attendance: 4000 (100.00%) -- Ticket Income $100,000
Luxury Box -- Attendance: 902 (90.20%) -- Ticket Income $180,400
Game was played at the PPG Paint Arena.
Total Attendance: 17902 (99.46%)
Total Ticket Income: $1,250,400
Other Income: $187,560
Total Income: $1,437,960
Panthers
5 vs 5 Forward
Center Left Wing Right Wing Time % Phy DF OF
1 Matt Duchene Kirill Kaprizov Kris Versteeg 40 0 2 3
2 Miro Aaltonen Alex Iafallo Victor Oreskovich 30 0 2 3
3 Elias Lindholm Alexander Semin Petr Straka 20 1 2 2
4 Quinton Howden Blake Geoffrion Jerry D'Amigo 10 1 2 2
5 vs 5 Defense
Defense Defense Time % Phy DF OF
1 Alex Pietrangelo Niklas Hansson 40 0 2 3
2 Alex Goligoski Griffin Reinhart 30 0 2 3
3 Nikita Tryamkin Shea Weber 20 1 2 2
4 Alex Pietrangelo Niklas Hansson 10 0 2 3
PowerPlay Forward
Center Left Wing Right Wing Time % Phy DF OF
1 Matt Duchene Kirill Kaprizov Kris Versteeg 60 0 1 4
2 Miro Aaltonen Alex Iafallo Victor Oreskovich 40 0 1 4
PowerPlay Defense
Defense Defense Time % Phy DF OF
1 Alex Pietrangelo Griffin Reinhart 60 0 2 3
2 Alex Goligoski Nikita Tryamkin 40 0 2 3
Penalty Kill 4 Players Forward
Center Wing Time % Phy DF OF
1 Quinton Howden Kris Versteeg 60 1 3 1
2 Miro Aaltonen Alex Iafallo 40 1 3 1
Penalty Kill 4 Players Defense
Defense Defense Time % Phy DF OF
1 Alex Pietrangelo Niklas Hansson 60 1 3 1
2 Alex Goligoski Shea Weber 40 1 3 1
Penalty Kill - 3 Players Forward
Forward Time % Phy DF OF
1 Kris Versteeg 60 1 3 1
2 Quinton Howden 40 1 3 1
Penalty Kill - 3 Players Defense
Defense Defense Time % Phy DF OF
1 Alex Pietrangelo Niklas Hansson 60 1 3 1
2 Alex Goligoski Shea Weber 40 1 3 1
4 vs 4 Forward
Center Wing Time % Phy DF OF
1 Matt Duchene Kirill Kaprizov 60 0 2 3
2 Miro Aaltonen Kris Versteeg 40 0 2 3
4 vs 4 Defense
Defense Defense Time % Phy DF OF
1 Alex Pietrangelo Niklas Hansson 60 0 2 3
2 Alex Goligoski Griffin Reinhart 40 1 2 2
Last Minutes Offensive
Center Left Wing Right Wing Defense Defense
Matt Duchene Kirill Kaprizov Kris Versteeg Alex Pietrangelo Alex Goligoski
Last Minutes Defensive
Center Left Wing Right Wing Defense Defense
Quinton Howden Alex Iafallo Kris Versteeg Alex Pietrangelo Niklas Hansson
Goaltenders
Starting : Ville Husso
Backup : Brian Elliott
Extra Forwards
Normal : Alex Iafallo, Matt Duchene, Kris Versteeg - PP : Miro Aaltonen, Matt Duchene - PK : Miro Aaltonen
Extra Defensemen
Normal : Griffin Reinhart, Alex Pietrangelo, Alex Goligoski - PP : Alex Pietrangelo - PK : Alex Goligoski, Niklas Hansson
Penalty Shots
Quinton Howden, Alexander Semin, Miro Aaltonen, Kris Versteeg, Matt Duchene
Custom OT Lines Forwards
Matt Duchene, Kris Versteeg, Alex Iafallo, Alexander Semin, Miro Aaltonen, Quinton Howden, Blake Geoffrion, Elias Lindholm, Kirill Kaprizov, Petr Straka
Custom OT Lines Defensemen
Alex Pietrangelo, Alex Goligoski, Niklas Hansson, Shea Weber, Griffin Reinhart
Scratches
None
Penguins
5 vs 5 Forward
Center Left Wing Right Wing Time % Phy DF OF
1 Sebastian Aho Marcus Johansson Mark Scheifele 40 1 2 2
2 Derek Stepan Jake Guentzel Marcus Foligno 30 1 2 2
3 Max Reinhart Pavel Buchnevich Tom Wilson 20 1 2 2
4 Evan Rodrigues Brandon Tanev Dmitrij Jaskin 10 1 2 2
5 vs 5 Defense
Defense Defense Time % Phy DF OF
1 Oscar Klefbom Nick Leddy 40 1 2 2
2 Danny DeKeiser Keith Aulie 30 1 2 2
3 Neal Pionk Tyson Barrie 20 1 2 2
4 Oscar Klefbom Nick Leddy 10 1 2 2
PowerPlay Forward
Center Left Wing Right Wing Time % Phy DF OF
1 Sebastian Aho Jake Guentzel Mark Scheifele 60 1 1 3
2 Derek Stepan Marcus Johansson Marcus Foligno 40 1 1 3
PowerPlay Defense
Defense Defense Time % Phy DF OF
1 Oscar Klefbom Nick Leddy 60 1 1 3
2 Keith Aulie Tyson Barrie 40 1 1 3
Penalty Kill 4 Players Forward
Center Wing Time % Phy DF OF
1 Max Reinhart Marcus Foligno 60 1 3 1
2 Mark Scheifele Brandon Tanev 40 1 3 1
Penalty Kill 4 Players Defense
Defense Defense Time % Phy DF OF
1 Oscar Klefbom Danny DeKeiser 60 1 3 1
2 Keith Aulie Neal Pionk 40 1 3 1
Penalty Kill - 3 Players Forward
Forward Time % Phy DF OF
1 Max Reinhart 60 1 3 1
2 Marcus Foligno 40 1 3 1
Penalty Kill - 3 Players Defense
Defense Defense Time % Phy DF OF
1 Danny DeKeiser Oscar Klefbom 60 1 3 1
2 Keith Aulie Neal Pionk 40 1 3 1
4 vs 4 Forward
Center Wing Time % Phy DF OF
1 Sebastian Aho Jake Guentzel 60 1 2 2
2 Derek Stepan Mark Scheifele 40 1 2 2
4 vs 4 Defense
Defense Defense Time % Phy DF OF
1 Oscar Klefbom Nick Leddy 60 1 2 2
2 Danny DeKeiser Keith Aulie 40 1 2 2
Last Minutes Offensive
Center Left Wing Right Wing Defense Defense
Sebastian Aho Jake Guentzel Mark Scheifele Oscar Klefbom Nick Leddy
Last Minutes Defensive
Center Left Wing Right Wing Defense Defense
Max Reinhart Brandon Tanev Marcus Foligno Oscar Klefbom Danny DeKeiser
Goaltenders
Starting : Andrei Vasilevskiy
Backup : Braden Holtby
Extra Forwards
Normal : Mark Scheifele, Jake Guentzel, Pavel Buchnevich - PP : Mark Scheifele, Jake Guentzel - PK : Tom Wilson
Extra Defensemen
Normal : Oscar Klefbom, Keith Aulie, Tyson Barrie - PP : Nick Leddy - PK : Danny DeKeiser, Keith Aulie
Penalty Shots
Mark Scheifele, Jake Guentzel, Marcus Foligno, Derek Stepan, Marcus Johansson
Custom OT Lines Forwards
Mark Scheifele, Jake Guentzel, Derek Stepan, Marcus Johansson, Marcus Foligno, Max Reinhart, Pavel Buchnevich, Tom Wilson, Brandon Tanev, Dmitrij Jaskin
Custom OT Lines Defensemen
Danny DeKeiser, Oscar Klefbom, Keith Aulie, Nick Leddy, Neal Pionk
Scratches
None
% Time on Ice - Panthers
Lines # - Real PCT - Wanted PCT - Time Play
Normal Forward
1 - 37% - 40% - 15:00
2 - 26% - 30% - 10:33
3 - 20% - 20% - 8:12
4 - 16% - 10% - 6:34
Normal Defense
1 - 43% - 40% - 17:17
2 - 32% - 30% - 12:42
3 - 22% - 20% - 8:55
4 - 4% - 10% - 1:25
PP Forward
1 - 53% - 60% - 5:45
2 - 47% - 40% - 5:07
PP Defense
1 - 57% - 60% - 6:13
2 - 43% - 40% - 4:39
PK Forward
1 - 79% - 60% - 6:18
2 - 21% - 40% - 1:38
PK Defense
1 - 55% - 60% - 4:24
2 - 45% - 40% - 3:32
PK3 Forward
1 - 0% - 60%
2 - 0% - 40%
PK3 Defense
1 - 0% - 60%
2 - 0% - 40%
44 Forward
1 - 0% - 60%
2 - 0% - 40%
44 Defense
1 - 0% - 60%
2 - 0% - 40%
Last Minute Offensive - 0:00
Last Minute Defensive - 0:53
Total
Forward - 60:00
Defense - 60:00
|
% Time on Ice - Penguins
Lines # - Real PCT - Wanted PCT - Time Play
Normal Forward
1 - 36% - 40% - 14:38
2 - 29% - 30% - 11:49
3 - 18% - 20% - 7:27
4 - 16% - 10% - 6:26
Normal Defense
1 - 38% - 40% - 15:19
2 - 35% - 30% - 14:09
3 - 22% - 20% - 9:01
4 - 5% - 10% - 1:51
PP Forward
1 - 53% - 60% - 4:14
2 - 47% - 40% - 3:42
PP Defense
1 - 62% - 60% - 4:55
2 - 38% - 40% - 3:01
PK Forward
1 - 75% - 60% - 8:08
2 - 25% - 40% - 2:44
PK Defense
1 - 60% - 60% - 6:34
2 - 40% - 40% - 4:18
PK3 Forward
1 - 0% - 60%
2 - 0% - 40%
PK3 Defense
1 - 0% - 60%
2 - 0% - 40%
44 Forward
1 - 0% - 60%
2 - 0% - 40%
44 Defense
1 - 0% - 60%
2 - 0% - 40%
Last Minute Offensive - 0:52
Last Minute Defensive - 0:00
Total
Forward - 60:00
Defense - 60:00
|
Play-by-Play
1st period
0:01 of 1st period - Matt Duchene wins face-off versus Mark Scheifele in neutral zone.
0:06 of 1st period - Slapshot by Matt Duchene.
0:06 of 1st period - Shot Blocked by Nick Leddy.
0:16 of 1st period - Slapshot by Matt Duchene.
0:16 of 1st period - Shot Misses the Net.
0:34 of 1st period - Wrist shot by Victor Oreskovich.
0:34 of 1st period - Deflect By Alex Iafallo.
0:34 of 1st period - Shot Blocked by Jake Guentzel.
0:34 of 1st period - Puck is out of play.
0:35 of 1st period - Elias Lindholm wins face-off versus Max Reinhart in Penguins zone.
0:46 of 1st period - Slapshot by Elias Lindholm.
0:46 of 1st period - Stopped by Andrei Vasilevskiy with a rebound.
2:28 of 1st period - Slapshot by Alex Pietrangelo.
2:28 of 1st period - Stopped by Andrei Vasilevskiy without a rebound.
2:29 of 1st period - Sebastian Aho wins face-off versus Matt Duchene in Penguins zone.
2:42 of 1st period - Snap shot by Sebastian Aho.
2:42 of 1st period - Shot Misses the Net.
2:44 of 1st period - Snap shot by Sebastian Aho.
2:44 of 1st period - Shot Blocked by Alex Goligoski.
2:46 of 1st period - Slapshot by Keith Aulie.
2:46 of 1st period - Stopped by Ville Husso with a rebound.
3:07 of 1st period - Alex Goligoski is hit by Derek Stepan and loses puck.
3:23 of 1st period - Alexander Semin is hit by Nick Leddy and loses puck.
3:54 of 1st period - Alex Goligoski is hit by Derek Stepan.
4:08 of 1st period - Wrist shot by Alexander Semin.
4:08 of 1st period - Stopped by Andrei Vasilevskiy without a rebound.
4:09 of 1st period - Matt Duchene wins face-off versus Sebastian Aho in Penguins zone.
4:58 of 1st period - Wrist shot by Brandon Tanev.
4:58 of 1st period - Deflect By Evan Rodrigues.
4:58 of 1st period - Shot Misses the Net.
4:58 of 1st period - Puck is out of play.
4:59 of 1st period - Evan Rodrigues wins face-off versus Quinton Howden in Panthers zone.
5:10 of 1st period - Snap shot by Brandon Tanev.
5:10 of 1st period - Deflect By Dmitrij Jaskin.
5:10 of 1st period - Shot Misses the Net.
5:10 of 1st period - Puck is out of play.
5:11 of 1st period - Sebastian Aho wins face-off versus Matt Duchene in Panthers zone.
5:24 of 1st period - Niklas Hansson is hit by Nick Leddy.
5:38 of 1st period - Miro Aaltonen is hit by Nick Leddy and loses puck.
6:19 of 1st period - Alexander Semin is hit by Brandon Tanev and loses puck.
6:42 of 1st period - Snap shot by Kris Versteeg.
6:42 of 1st period - Shot Misses the Net.
7:29 of 1st period - Max Reinhart is hit by Quinton Howden and loses puck.
8:38 of 1st period - Slapshot by Alex Pietrangelo.
8:38 of 1st period - Stopped by Andrei Vasilevskiy with a rebound.
8:52 of 1st period - Wrist shot by Brandon Tanev.
8:52 of 1st period - Shot Misses the Net.
8:54 of 1st period - Slapshot by Oscar Klefbom.
8:54 of 1st period - Shot Blocked by Niklas Hansson.
8:58 of 1st period - Backhand shot by Oscar Klefbom.
8:58 of 1st period - Stopped by Ville Husso with a rebound.
9:00 of 1st period - Snap shot by Evan Rodrigues.
9:00 of 1st period - Stopped by Ville Husso with a rebound.
9:36 of 1st period - Slapshot by Nick Leddy.
9:36 of 1st period - Shot Misses the Net.
10:25 of 1st period - Slapshot by Brandon Tanev.
10:25 of 1st period - Shot Blocked by Quinton Howden.
10:27 of 1st period - Slapshot by Brandon Tanev.
10:27 of 1st period - Stopped by Ville Husso with a rebound.
10:57 of 1st period - Minor Penalty to Keith Aulie for Hooking.
10:58 of 1st period - Matt Duchene wins face-off versus Max Reinhart in Penguins zone.
11:07 of 1st period - Slapshot by Alex Pietrangelo.
11:07 of 1st period - Shot Misses the Net.
11:29 of 1st period - Snap shot by Alex Pietrangelo.
11:29 of 1st period - Deflect By Oscar Klefbom.
11:29 of 1st period - Stopped by Andrei Vasilevskiy with a rebound.
11:31 of 1st period - Slapshot by Griffin Reinhart.
11:31 of 1st period - Deflect By Marcus Foligno.
11:31 of 1st period - Stopped by Andrei Vasilevskiy with a rebound.
11:33 of 1st period - Slapshot by Griffin Reinhart.
11:33 of 1st period - Shot Misses the Net.
12:57 of 1st period - Penalty to Keith Aulie is over, Keith Aulie is back on ice.
13:45 of 1st period - Wrist shot by Mark Scheifele.
13:45 of 1st period - Shot Misses the Net.
13:47 of 1st period - Slapshot by Oscar Klefbom.
13:47 of 1st period - Deflect By Griffin Reinhart.
13:47 of 1st period - Stopped by Ville Husso without a rebound.
13:48 of 1st period - Elias Lindholm wins face-off versus Max Reinhart in Panthers zone.
14:05 of 1st period - Snap shot by Tom Wilson.
14:05 of 1st period - Shot Blocked by Niklas Hansson.
14:25 of 1st period - Snap shot by Kirill Kaprizov.
14:25 of 1st period - Shot Misses the Net.
14:43 of 1st period - Snap shot by Alex Iafallo.
14:43 of 1st period - Stopped by Andrei Vasilevskiy with a rebound.
14:45 of 1st period - Minor Penalty to Mark Scheifele for Goalie Interference.
14:46 of 1st period - Max Reinhart wins face-off versus Matt Duchene in Penguins zone.
15:40 of 1st period - Snap shot by Victor Oreskovich.
15:40 of 1st period - Shot Blocked by Brandon Tanev.
15:42 of 1st period - Wrist shot by Alex Goligoski.
15:42 of 1st period - Stopped by Andrei Vasilevskiy without a rebound.
15:43 of 1st period - Victor Oreskovich wins face-off versus Tom Wilson in Penguins zone.
16:34 of 1st period - Wrist shot by Alex Goligoski.
16:34 of 1st period - Shot Misses the Net.
16:45 of 1st period - Penalty to Mark Scheifele is over, Mark Scheifele is back on ice.
16:50 of 1st period - Slapshot by Keith Aulie.
16:50 of 1st period - Stopped by Ville Husso with a rebound.
16:52 of 1st period - Snap shot by Sebastian Aho.
16:52 of 1st period - Shot Misses the Net.
16:54 of 1st period - Slapshot by Sebastian Aho.
16:54 of 1st period - Shot Blocked by Griffin Reinhart.
16:56 of 1st period - Snap shot by Mark Scheifele.
16:56 of 1st period - Stopped by Ville Husso with a rebound.
17:12 of 1st period - Slapshot by Griffin Reinhart.
17:12 of 1st period - Shot Blocked by Evan Rodrigues.
18:08 of 1st period - Wrist shot by Quinton Howden.
18:08 of 1st period - Deflect By Jerry D'Amigo.
18:08 of 1st period - Stopped by Andrei Vasilevskiy without a rebound.
18:09 of 1st period - Max Reinhart wins face-off versus Jerry D'Amigo in Penguins zone.
18:22 of 1st period - Snap shot by Max Reinhart.
18:22 of 1st period - Stopped by Ville Husso with a rebound.
18:24 of 1st period - Wrist shot by Pavel Buchnevich.
18:24 of 1st period - Stopped by Ville Husso with a rebound.
18:26 of 1st period - Slapshot by Nick Leddy.
18:26 of 1st period - Stopped by Ville Husso with a rebound.
18:52 of 1st period - Slapshot by Pavel Buchnevich.
18:52 of 1st period - Shot Misses the Net.
18:54 of 1st period - Slapshot by Max Reinhart.
18:54 of 1st period - Stopped by Ville Husso without a rebound.
18:55 of 1st period - Matt Duchene wins face-off versus Mark Scheifele in Panthers zone.
18:55 of 1st period - Matt Duchene is hit by Marcus Johansson.
19:27 of 1st period - Keith Aulie is hit by Kirill Kaprizov and loses puck.
Goals for this period are 0 for Panthers vs 0 for Penguins.
Shots for this period are 9 for Panthers vs 11 for Penguins.
2nd period
0:01 of 2nd period - Matt Duchene wins face-off versus Sebastian Aho in neutral zone.
0:07 of 2nd period - Icing by Oscar Klefbom.
0:08 of 2nd period - Matt Duchene wins face-off versus Mark Scheifele in Penguins zone.
0:08 of 2nd period - Matt Duchene is hit by Sebastian Aho.
0:57 of 2nd period - Off-side.
0:58 of 2nd period - Derek Stepan wins face-off versus Miro Aaltonen in neutral zone.
1:23 of 2nd period - Alexander Semin is hit by Neal Pionk and loses puck.
1:51 of 2nd period - Minor Penalty to Blake Geoffrion for Roughing.
1:52 of 2nd period - Sebastian Aho wins face-off versus Quinton Howden in Panthers zone.
2:41 of 2nd period - Icing by Keith Aulie.
2:42 of 2nd period - Miro Aaltonen wins face-off versus Mark Scheifele in Penguins zone.
3:51 of 2nd period - Penalty to Blake Geoffrion is over, Blake Geoffrion is back on ice.
4:07 of 2nd period - Snap shot by Miro Aaltonen.
4:07 of 2nd period - Stopped by Andrei Vasilevskiy without a rebound.
4:08 of 2nd period - Alexander Semin wins face-off versus Evan Rodrigues in Penguins zone.
4:11 of 2nd period - Wrist shot by Petr Straka.
4:11 of 2nd period - Shot Blocked by Keith Aulie.
4:17 of 2nd period - Snap shot by Elias Lindholm.
4:17 of 2nd period - Shot Misses the Net.
4:25 of 2nd period - Wrist shot by Petr Straka.
4:25 of 2nd period - Shot Blocked by Evan Rodrigues.
4:37 of 2nd period - Wrist shot by Dmitrij Jaskin.
4:37 of 2nd period - Shot Misses the Net.
5:45 of 2nd period - Niklas Hansson is hit by Brandon Tanev and loses puck.
6:00 of 2nd period - Icing by Kris Versteeg.
6:01 of 2nd period - Matt Duchene wins face-off versus Sebastian Aho in Panthers zone.
6:01 of 2nd period - Matt Duchene is hit by Mark Scheifele.
6:28 of 2nd period - Wrist shot by Miro Aaltonen.
6:28 of 2nd period - Shot Misses the Net.
6:42 of 2nd period - Alex Pietrangelo is hit by Derek Stepan and loses puck.
7:17 of 2nd period - Snap shot by Mark Scheifele.
7:17 of 2nd period - Stopped by Ville Husso with a rebound.
7:23 of 2nd period - Slapshot by Griffin Reinhart.
7:23 of 2nd period - Stopped by Andrei Vasilevskiy with a rebound.
7:25 of 2nd period - Snap shot by Jerry D'Amigo.
7:25 of 2nd period - Stopped by Andrei Vasilevskiy with a rebound.
7:39 of 2nd period - Wrist shot by Dmitrij Jaskin.
7:39 of 2nd period - Shot Misses the Net.
7:41 of 2nd period - Wrist shot by Brandon Tanev.
7:41 of 2nd period - Shot Misses the Net.
7:43 of 2nd period - Wrist shot by Brandon Tanev.
7:43 of 2nd period - Stopped by Ville Husso with a rebound.
8:06 of 2nd period - Jake Guentzel is hit by Miro Aaltonen and loses puck.
8:10 of 2nd period - Icing by Jake Guentzel.
8:11 of 2nd period - Matt Duchene wins face-off versus Derek Stepan in Penguins zone.
8:16 of 2nd period - Snap shot by Kris Versteeg.
8:16 of 2nd period - Stopped by Andrei Vasilevskiy without a rebound.
8:17 of 2nd period - Matt Duchene wins face-off versus Sebastian Aho in Penguins zone.
8:24 of 2nd period - Slapshot by Oscar Klefbom.
8:24 of 2nd period - Stopped by Ville Husso without a rebound.
8:25 of 2nd period - Matt Duchene wins face-off versus Sebastian Aho in Panthers zone.
8:53 of 2nd period - Slapshot by Sebastian Aho.
8:53 of 2nd period - Shot Misses the Net.
8:57 of 2nd period - Snap shot by Mark Scheifele.
8:57 of 2nd period - Shot Misses the Net.
9:05 of 2nd period - Snap shot by Sebastian Aho.
9:05 of 2nd period - Shot Misses the Net.
9:21 of 2nd period - Alex Pietrangelo is hit by Nick Leddy and loses puck.
9:36 of 2nd period - Snap shot by Mark Scheifele.
9:36 of 2nd period - Shot Misses the Net.
9:38 of 2nd period - Slapshot by Mark Scheifele.
9:38 of 2nd period - Shot Misses the Net.
9:40 of 2nd period - Slapshot by Oscar Klefbom.
9:40 of 2nd period - Stopped by Ville Husso without a rebound.
9:41 of 2nd period - Marcus Foligno wins face-off versus Miro Aaltonen in Panthers zone.
10:07 of 2nd period - Victor Oreskovich is hit by Tyson Barrie and loses puck.
10:24 of 2nd period - Slapshot by Miro Aaltonen.
10:24 of 2nd period - Stopped by Andrei Vasilevskiy without a rebound.
10:25 of 2nd period - Elias Lindholm wins face-off versus Derek Stepan in Penguins zone.
10:26 of 2nd period - Snap shot by Alexander Semin.
10:26 of 2nd period - Stopped by Andrei Vasilevskiy without a rebound.
10:27 of 2nd period - Elias Lindholm wins face-off versus Derek Stepan in Penguins zone.
10:28 of 2nd period - Wrist shot by Alexander Semin.
10:28 of 2nd period - Stopped by Andrei Vasilevskiy with a rebound.
10:30 of 2nd period - Wrist shot by Elias Lindholm.
10:30 of 2nd period - Stopped by Andrei Vasilevskiy with a rebound.
10:34 of 2nd period - Snap shot by Alexander Semin.
10:34 of 2nd period - Stopped by Andrei Vasilevskiy without a rebound.
10:35 of 2nd period - Derek Stepan wins face-off versus Elias Lindholm in Penguins zone.
10:46 of 2nd period - Slapshot by Petr Straka.
10:46 of 2nd period - Deflect By Alexander Semin.
10:46 of 2nd period - Shot Misses the Net.
10:46 of 2nd period - Puck is out of play.
10:47 of 2nd period - Matt Duchene wins face-off versus Mark Scheifele in Penguins zone.
11:14 of 2nd period - Mark Scheifele is hit by Alex Pietrangelo and loses puck.
12:07 of 2nd period - Snap shot by Tom Wilson.
12:07 of 2nd period - Stopped by Ville Husso without a rebound.
12:08 of 2nd period - Matt Duchene wins face-off versus Derek Stepan in Panthers zone.
12:13 of 2nd period - Snap shot by Matt Duchene.
12:13 of 2nd period - Shot Blocked by Marcus Foligno.
12:21 of 2nd period - Kirill Kaprizov is hit by Derek Stepan.
12:27 of 2nd period - Jake Guentzel is hit by Matt Duchene and loses puck.
13:04 of 2nd period - Minor Penalty to Jake Guentzel for Slashing.
13:05 of 2nd period - Victor Oreskovich wins face-off versus Max Reinhart in Penguins zone.
13:13 of 2nd period - Wrist shot by Alex Pietrangelo.
13:13 of 2nd period - Shot Blocked by Marcus Foligno.
13:19 of 2nd period - Snap shot by Alex Iafallo.
13:19 of 2nd period - Stopped by Andrei Vasilevskiy with a rebound.
13:21 of 2nd period - Snap shot by Victor Oreskovich.
13:21 of 2nd period - Goal by Victor Oreskovich - Panthers : 1 - Penguins : 0.
13:22 of 2nd period - Sebastian Aho wins face-off versus Miro Aaltonen in neutral zone.
13:30 of 2nd period - Snap shot by Marcus Johansson.
13:30 of 2nd period - Stopped by Ville Husso without a rebound.
13:31 of 2nd period - Sebastian Aho wins face-off versus Miro Aaltonen in Panthers zone.
14:34 of 2nd period - Snap shot by Sebastian Aho.
14:34 of 2nd period - Shot Misses the Net.
14:36 of 2nd period - Snap shot by Sebastian Aho.
14:36 of 2nd period - Goal by Sebastian Aho - Panthers : 1 - Penguins : 1.
14:37 of 2nd period - Matt Duchene wins face-off versus Max Reinhart in neutral zone.
14:40 of 2nd period - Snap shot by Griffin Reinhart.
14:40 of 2nd period - Stopped by Andrei Vasilevskiy with a rebound.
14:42 of 2nd period - Snap shot by Matt Duchene.
14:42 of 2nd period - Stopped by Andrei Vasilevskiy with a rebound.
14:44 of 2nd period - Slapshot by Alex Goligoski.
14:44 of 2nd period - Stopped by Andrei Vasilevskiy with a rebound.
14:46 of 2nd period - Wrist shot by Matt Duchene.
14:46 of 2nd period - Stopped by Andrei Vasilevskiy without a rebound.
14:47 of 2nd period - Matt Duchene wins face-off versus Max Reinhart in Penguins zone.
14:48 of 2nd period - Snap shot by Kris Versteeg.
14:48 of 2nd period - Shot Hit the Post.
14:50 of 2nd period - Slapshot by Alex Goligoski.
14:50 of 2nd period - Stopped by Andrei Vasilevskiy with a rebound.
14:52 of 2nd period - Slapshot by Alex Goligoski.
14:52 of 2nd period - Deflect By Neal Pionk.
14:52 of 2nd period - Stopped by Andrei Vasilevskiy without a rebound.
14:53 of 2nd period - Matt Duchene wins face-off versus Sebastian Aho in Penguins zone.
15:20 of 2nd period - Nick Leddy is hit by Alex Iafallo and loses puck.
15:27 of 2nd period - Snap shot by Alex Iafallo.
15:27 of 2nd period - Stopped by Andrei Vasilevskiy with a rebound.
15:29 of 2nd period - Slapshot by Alex Goligoski.
15:29 of 2nd period - Stopped by Andrei Vasilevskiy without a rebound.
15:30 of 2nd period - Elias Lindholm wins face-off versus Sebastian Aho in Penguins zone.
16:03 of 2nd period - Slapshot by Marcus Foligno.
16:03 of 2nd period - Stopped by Ville Husso without a rebound.
16:04 of 2nd period - Derek Stepan wins face-off versus Matt Duchene in Panthers zone.
16:31 of 2nd period - Marcus Foligno is hit by Quinton Howden and loses puck.
16:51 of 2nd period - Icing by Keith Aulie.
16:52 of 2nd period - Miro Aaltonen wins face-off versus Sebastian Aho in Penguins zone.
17:30 of 2nd period - Minor Penalty to Nick Leddy for Tripping.
17:31 of 2nd period - Matt Duchene wins face-off versus Max Reinhart in Penguins zone.
18:05 of 2nd period - Snap shot by Miro Aaltonen.
18:05 of 2nd period - Stopped by Andrei Vasilevskiy with a rebound.
18:59 of 2nd period - Miro Aaltonen is hit by Jake Guentzel and loses puck.
19:21 of 2nd period - Marcus Foligno is hit by Victor Oreskovich and loses puck.
19:30 of 2nd period - Penalty to Nick Leddy is over, Nick Leddy is back on ice.
19:46 of 2nd period - Backhand shot by Miro Aaltonen.
19:46 of 2nd period - Shot Blocked by Oscar Klefbom.
19:48 of 2nd period - Slapshot by Alex Pietrangelo.
19:48 of 2nd period - Stopped by Andrei Vasilevskiy without a rebound.
19:49 of 2nd period - Matt Duchene wins face-off versus Sebastian Aho in Penguins zone.
Goals for this period are 1 for Panthers vs 1 for Penguins.
Shots for this period are 21 for Panthers vs 8 for Penguins.
3rd period
0:01 of 3rd period - Matt Duchene wins face-off versus Sebastian Aho in neutral zone.
0:08 of 3rd period - Slapshot by Alex Pietrangelo.
0:08 of 3rd period - Shot Blocked by Sebastian Aho.
0:10 of 3rd period - Slapshot by Alex Pietrangelo.
0:10 of 3rd period - Shot Misses the Net.
0:19 of 3rd period - Double Minor Penalty to Marcus Johansson for Slashing.
0:20 of 3rd period - Matt Duchene wins face-off versus Max Reinhart in Penguins zone.
0:27 of 3rd period - Icing by Alex Pietrangelo.
0:28 of 3rd period - Matt Duchene wins face-off versus Max Reinhart in Panthers zone.
0:59 of 3rd period - Wrist shot by Kris Versteeg.
0:59 of 3rd period - Goal by Kris Versteeg - Panthers : 2 - Penguins : 1.
1:00 of 3rd period - Max Reinhart wins face-off versus Matt Duchene in neutral zone.
1:05 of 3rd period - Snap shot by Oscar Klefbom.
1:05 of 3rd period - Shot Misses the Net.
2:42 of 3rd period - Miro Aaltonen is hit by Marcus Foligno.
2:59 of 3rd period - Penalty to Marcus Johansson is over, Marcus Johansson is back on ice.
3:13 of 3rd period - Neal Pionk is hit by Elias Lindholm and loses puck.
3:22 of 3rd period - Alex Pietrangelo is hit by Marcus Johansson and loses puck.
4:14 of 3rd period - Slapshot by Alexander Semin.
4:14 of 3rd period - Stopped by Andrei Vasilevskiy without a rebound.
4:15 of 3rd period - Miro Aaltonen wins face-off versus Evan Rodrigues in Penguins zone.
4:27 of 3rd period - Minor Penalty to Miro Aaltonen for Holding.
4:28 of 3rd period - Quinton Howden wins face-off versus Derek Stepan in Panthers zone.
4:42 of 3rd period - Icing by Marcus Johansson.
4:43 of 3rd period - Kris Versteeg wins face-off versus Marcus Foligno in Penguins zone.
6:27 of 3rd period - Penalty to Miro Aaltonen is over, Miro Aaltonen is back on ice.
6:39 of 3rd period - Shea Weber is hit by Tom Wilson and loses puck.
6:44 of 3rd period - Snap shot by Tom Wilson.
6:44 of 3rd period - Stopped by Ville Husso without a rebound.
6:45 of 3rd period - Evan Rodrigues wins face-off versus Miro Aaltonen in Panthers zone.
6:48 of 3rd period - Backhand shot by Dmitrij Jaskin.
6:48 of 3rd period - Stopped by Ville Husso with a rebound.
6:50 of 3rd period - Slapshot by Tyson Barrie.
6:50 of 3rd period - Shot Misses the Net.
6:52 of 3rd period - Slapshot by Neal Pionk.
6:52 of 3rd period - Shot Blocked by Victor Oreskovich.
6:54 of 3rd period - Wrist shot by Brandon Tanev.
6:54 of 3rd period - Shot Misses the Net.
6:56 of 3rd period - Wrist shot by Evan Rodrigues.
6:56 of 3rd period - Shot Misses the Net.
6:58 of 3rd period - Snap shot by Evan Rodrigues.
6:58 of 3rd period - Shot Blocked by Niklas Hansson.
7:00 of 3rd period - Backhand shot by Brandon Tanev.
7:00 of 3rd period - Stopped by Ville Husso with a rebound.
7:10 of 3rd period - Max Reinhart is hit by Niklas Hansson and loses puck.
9:29 of 3rd period - Snap shot by Miro Aaltonen.
9:29 of 3rd period - Shot Blocked by Jake Guentzel.
9:53 of 3rd period - Minor Penalty to Blake Geoffrion for Delaying the game.
9:54 of 3rd period - Sebastian Aho wins face-off versus Quinton Howden in Panthers zone.
9:55 of 3rd period - Slapshot by Jake Guentzel.
9:55 of 3rd period - Stopped by Ville Husso with a rebound.
10:31 of 3rd period - Slapshot by Miro Aaltonen.
10:31 of 3rd period - Shot Misses the Net.
10:47 of 3rd period - Niklas Hansson is hit by Mark Scheifele and loses puck.
11:28 of 3rd period - Marcus Johansson is hit by Alex Iafallo and loses puck.
11:53 of 3rd period - Penalty to Blake Geoffrion is over, Blake Geoffrion is back on ice.
12:04 of 3rd period - Off-side.
12:05 of 3rd period - Evan Rodrigues wins face-off versus Elias Lindholm in neutral zone.
12:12 of 3rd period - Snap shot by Dmitrij Jaskin.
12:12 of 3rd period - Stopped by Ville Husso without a rebound.
12:13 of 3rd period - Derek Stepan wins face-off versus Elias Lindholm in Panthers zone.
12:20 of 3rd period - Snap shot by Jake Guentzel.
12:20 of 3rd period - Stopped by Ville Husso without a rebound.
12:21 of 3rd period - Derek Stepan wins face-off versus Matt Duchene in Panthers zone.
12:27 of 3rd period - Snap shot by Marcus Foligno.
12:27 of 3rd period - Stopped by Ville Husso with a rebound.
12:29 of 3rd period - Slapshot by Derek Stepan.
12:29 of 3rd period - Stopped by Ville Husso with a rebound.
12:31 of 3rd period - Slapshot by Danny DeKeiser.
12:31 of 3rd period - Shot Blocked by Alex Pietrangelo.
12:33 of 3rd period - Snap shot by Jake Guentzel.
12:33 of 3rd period - Stopped by Ville Husso without a rebound.
12:34 of 3rd period - Matt Duchene wins face-off versus Sebastian Aho in Panthers zone.
12:36 of 3rd period - Minor Penalty to Kirill Kaprizov for Tripping.
12:37 of 3rd period - Quinton Howden wins face-off versus Sebastian Aho in Panthers zone.
13:58 of 3rd period - Alex Iafallo is hit by Derek Stepan.
14:36 of 3rd period - Penalty to Kirill Kaprizov is over, Kirill Kaprizov is back on ice.
14:48 of 3rd period - Wrist shot by Kirill Kaprizov.
14:48 of 3rd period - Shot Misses the Net.
14:54 of 3rd period - Shea Weber is hit by Nick Leddy and loses puck.
15:39 of 3rd period - Slapshot by Niklas Hansson.
15:39 of 3rd period - Deflect By Quinton Howden.
15:39 of 3rd period - Shot Blocked by Tyson Barrie.
15:39 of 3rd period - Puck is out of play.
15:40 of 3rd period - Sebastian Aho wins face-off versus Quinton Howden in Penguins zone.
15:40 of 3rd period - Sebastian Aho is hit by Jerry D'Amigo.
16:41 of 3rd period - Slapshot by Oscar Klefbom.
16:41 of 3rd period - Stopped by Ville Husso with a rebound.
17:06 of 3rd period - Minor Penalty to Tom Wilson for Holding.
17:07 of 3rd period - Matt Duchene wins face-off versus Max Reinhart in Penguins zone.
17:33 of 3rd period - Max Reinhart is hit by Alex Iafallo and loses puck.
18:30 of 3rd period - Alex Pietrangelo is hit by Derek Stepan and loses puck.
18:56 of 3rd period - Icing by Nikita Tryamkin.
18:57 of 3rd period - Matt Duchene wins face-off versus Max Reinhart in Panthers zone.
19:02 of 3rd period - Keith Aulie is hit by Matt Duchene and loses puck.
19:06 of 3rd period - Penalty to Tom Wilson is over, Tom Wilson is back on ice.
19:19 of 3rd period - Snap shot by Alex Iafallo.
19:19 of 3rd period - Deflect By Kris Versteeg.
19:19 of 3rd period - Stopped by Andrei Vasilevskiy without a rebound.
19:20 of 3rd period - Pat Burns call a timeout for Penguins.
19:20 of 3rd period - Jake Guentzel wins face-off versus Quinton Howden in Penguins zone.
19:25 of 3rd period - Penguins, Andrei Vasilevskiy is pulled from the net.
19:44 of 3rd period - Snap shot by Quinton Howden.
19:44 of 3rd period - Shot Blocked by Nick Leddy.
Goals for this period are 1 for Panthers vs 0 for Penguins.
Shots for this period are 3 for Panthers vs 10 for Penguins.
Output by the SimonT Hockey Simulator (STHS) for Francois Prevost